[Event "AUT-ch U16-Open 2025"]
[Site "Fuerstenfeld"]
[Date "2025.04.17"]
[Round "7.1"]
[White "Nicolussi, Hieronymus"]
[Black "Benedikt, Noah"]
[Result "0-1"]
[Annotator "NA RC"]
[ECO "B13"]
[WhiteElo "1999"]
[BlackElo "1976"]
[PlyCount "78"]
[EventDate "2025.04.12"]
[EventType "swiss"]
[EventCountry "AUT"]
[SourceTitle "playchess.com"]
[Source "ChessBase"]
[SourceQuality "1"]
[TimeControl "5400+30"]

1. e4 c6 2. d4 d5 3. exd5 cxd5 4. Bd3 Nf6 5. c3 Bg4 6. Qb3 Qc7 7. h3 Bd7 8. g3 Nc6 9. Bf4 e5 10. dxe5 Nxe5 11. Bxe5 Qxe5+ 12. Be2 Bc5 13. Nd2 O-O 14. Ngf3 Qe7 15. Kf1 Rfe8 16. Re1 $17 Ne4 17. Rh2 Qd6 18. Nxe4 dxe4 19. Rd1 exf3 20. Rxd6 fxe2+ 21. Ke1 Bxd6 22. f4 Bc6 23. Rxe2 Bc5 24. Qc4 Bf3 25. Re5 Bd6 26. Rxe8+ Rxe8+ 27. Kf2 Bc6 28. Qd4 Bb8 29. b4 a6 30. c4 Bc7 31. Qc5 Re6 32. Qa7 h5 33. b5 axb5 34. cxb5 Bd5 35. Qa8+ Kh7 36. Qa3 Bb6+ 37. Kf1 Bc4+ 38. Kg2 Re2+ 39. Kf3 Re3+ 0-1

[Event "AUT-ch U16-Open 2025"]
[Site "Fuerstenfeld"]
[Date "2025.04.17"]
[Round "7.2"]
[White "Stickler, Florentin"]
[Black "Onipko, Mark"]
[Result "1-0"]
[Annotator "RC"]
[ECO "C10"]
[WhiteElo "2189"]
[BlackElo "1979"]
[PlyCount "83"]
[EventDate "2025.04.12"]
[EventType "swiss"]
[EventCountry "AUT"]
[SourceTitle "playchess.com"]
[Source "ChessBase"]
[SourceQuality "1"]
[TimeControl "5400+30"]

1. e4 e6 2. d4 d5 3. Nc3 dxe4 4. Nxe4 Nd7 5. Nf3 Ngf6 6. Nxf6+ Nxf6 7. Bd3 c5 8. dxc5 Bxc5 9. Bg5 a6 10. Qe2 h6 11. Bh4 Qb6 12. O-O Bd6 13. Rad1 Bd7 14. Ne5 Qxb2 15. Nc4 Qb4 16. Bxf6 gxf6 17. Rb1 Qc5 18. Rfd1 Bc7 19. Rxb7 Rd8 20. Qg4 Kf8 21. Qh4 Ke7 22. Ne3 h5 23. Re1 Be5 24. Kh1 Rb8 25. Rxb8 Rxb8 26. f4 Bc3 27. Nf5+ Kd8 28. Rd1 exf5 29. Qxh5 Ke7 30. h3 Rg8 31. Qe2+ Be6 32. Rb1 Bd4 33. Bxa6 Rd8 34. a4 Qd6 35. Qf1 Be3 36. a5 Bxf4 37. Bb7 Be3 38. a6 Bb6 39. Bf3 Bc7 40. Qg1 Qxa6 41. Rb7 Qd6 42. g3 1-0

[Event "AUT-ch U16-Open 2025"]
[Site "Fuerstenfeld"]
[Date "2025.04.17"]
[Round "7.3"]
[White "Reichhuetter, Richard"]
[Black "Pausweg, Daniel"]
[Result "1-0"]
[Annotator "NA RC"]
[ECO "C01"]
[WhiteElo "1916"]
[BlackElo "2080"]
[PlyCount "57"]
[EventDate "2025.04.12"]
[EventType "swiss"]
[EventCountry "AUT"]
[SourceTitle "playchess.com"]
[Source "ChessBase"]
[SourceQuality "1"]
[TimeControl "5400+30"]

1. e4 e6 2. d4 d5 3. exd5 exd5 4. Bd3 Nf6 5. Ne2 Bd6 6. Bg5 c6 {[%emt 0:01:06] C01: French: Exchange Variation.} 7. c3 Nbd7 8. Qc2 h6 9. Bh4 Nf8 10. Nd2 Ne6 11. Nf3 g5 12. Bg3 Nh5 13. Be5 Bxe5 14. Nxe5 Qf6 15. g3 Nhg7 16. O-O-O Bd7 17. Rhf1 O-O-O 18. f4 Rhf8 (18... gxf4 $16 19. Nxf4 Qe7) 19. Kb1 gxf4 20. Nxf4 Nxf4 21. Rxf4 Qe7 $18 22. Rdf1 Be6 23. Qa4 Kb8 24. Qxc6 Nh5 25. R4f3 Bg4 26. Rxf7 Be2 27. Bxe2 Rxf7 28. Rxf7 Qxe5 29. Qxb7# 1-0

[Event "AUT-ch U16-Open 2025"]
[Site "Fuerstenfeld"]
[Date "2025.04.17"]
[Round "7.4"]
[White "Ortner, Sebastian"]
[Black "Chen, Chicheng Leon"]
[Result "1/2-1/2"]
[Annotator "NA RC"]
[ECO "D95"]
[WhiteElo "1925"]
[BlackElo "2021"]
[PlyCount "136"]
[EventDate "2025.04.12"]
[EventType "swiss"]
[EventCountry "AUT"]
[SourceTitle "playchess.com"]
[Source "ChessBase"]
[SourceQuality "1"]
[TimeControl "5400+30"]

1. d4 Nf6 2. c4 g6 3. Nc3 d5 4. Nf3 Bg7 5. e3 O-O 6. Qb3 e6 7. Be2 b6 8. O-O Bb7 9. Rd1 Nbd7 10. cxd5 exd5 11. a4 a5 12. Ne5 Qe7 13. f4 Rad8 14. Bd2 c6 15. Rac1 Rfe8 16. Be1 $14 Nxe5 17. fxe5 Nd7 18. Bg4 Qb4 19. Qa2 Qe7 20. Bf2 Qb4 21. e4 Bh6 22. Rc2 Ba6 23. h3 Bc4 24. Qb1 Bb3 25. exd5 cxd5 26. Re1 Bxc2 27. Qxc2 Qc4 28. Be2 Qc6 29. Bf3 Nf8 30. Qb3 Bd2 31. Bxd5 Rxd5 32. Qxd5 Qxd5 33. Nxd5 Rd8 34. Nf6+ Kg7 35. Re2 Bg5 36. Ne4 Ne6 37. Nxg5 Nxg5 38. Bh4 h6 39. Rd2 Ne4 40. Bxd8 Nxd2 41. Bxb6 Nc4 42. Bc7 Nxb2 43. Bxa5 Nxa4 44. Kf2 Nb2 45. Kf3 Nc4 46. Bc7 Kf8 47. Ke4 Ke7 48. Kd5 Ne3+ 49. Kc6 Ke6 50. g3 Nd5 51. Bd8 Nb4+ 52. Kc5 Nd5 53. g4 Nf4 54. h4 h5 55. gxh5 gxh5 56. Bg5 Nd5 57. Kc4 Nb6+ 58. Kc5 Nd5 59. Bd2 Ne7 60. Ba5 Nd5 61. Kc6 Ne7+ 62. Kc5 Nd5 63. Be1 Ne7 64. Bd2 Nd5 65. Be1 Ne7 66. Bf2 Nd5 67. Kc4 Ne7 68. Kd3 Kf5 1/2-1/2

[Event "AUT-ch U16-Open 2025"]
[Site "Fuerstenfeld"]
[Date "2025.04.17"]
[Round "7.5"]
[White "Martinovic, David"]
[Black "Squasi, Ernesto"]
[Result "0-1"]
[Annotator "NA RC"]
[ECO "B41"]
[WhiteElo "1968"]
[BlackElo "1904"]
[PlyCount "102"]
[EventDate "2025.04.12"]
[EventType "swiss"]
[EventCountry "AUT"]
[SourceTitle "playchess.com"]
[Source "ChessBase"]
[SourceQuality "1"]
[TimeControl "5400+30"]

1. e4 c5 2. Nf3 e6 3. d4 cxd4 4. Nxd4 a6 5. c4 Nf6 6. Nc3 Qc7 7. a3 b6 8. Be2 Bb7 9. f3 Be7 10. Be3 O-O 11. O-O d6 12. Rc1 Nbd7 13. b4 Rac8 14. Rc2 Qb8 15. Qc1 Rfd8 16. Rd1 $14 Re8 17. Kh1 Bd8 18. Bg1 Bc7 19. Bf1 Qa8 20. Nb3 Qb8 21. Na4 d5 22. exd5 exd5 23. c5 Bf4 24. Qb1 bxc5 25. Naxc5 Nxc5 26. Nxc5 Be3 27. Bxa6 Bxc5 28. Bxb7 Bxg1 29. Kxg1 Qxb7 30. Ra2 Qb6+ 31. Kh1 Rc4 32. Rb2 Ra8 33. Qd3 h6 34. h3 Qc7 35. Rb3 Re8 36. b5 Rc1 37. Qf1 Rxd1 38. Qxd1 Qg3 39. Rb1 Qd6 40. Qd4 Nh5 41. Qb4 Qb6 42. a4 Ra8 43. Ra1 Ra5 44. Rc1 Ra8 45. Qg4 Nf6 46. Qb4 Nh5 47. Rc6 Qf2 48. b6 Ng3+ 49. Kh2 Nf1+ 50. Kh1 Ne3 51. Rc2 Qxc2 0-1

[Event "AUT-ch U16-Open 2025"]
[Site "Fuerstenfeld"]
[Date "2025.04.17"]
[Round "7.6"]
[White "Keller, Niklas"]
[Black "Taizhanov, Aissultan"]
[Result "0-1"]
[Annotator "RC"]
[ECO "B40"]
[WhiteElo "1888"]
[BlackElo "1952"]
[PlyCount "22"]
[EventDate "2025.04.12"]
[EventType "swiss"]
[EventCountry "AUT"]
[SourceTitle "playchess.com"]
[Source "ChessBase"]
[SourceQuality "1"]
[TimeControl "5400+30"]

1. e4 c5 2. Nf3 e6 3. g3 d5 4. exd5 exd5 5. d4 Nc6 6. Be3 Bg4 7. dxc5 d4 8. Bf4 Qe7+ 9. Kd2 Qxc5 10. h3 Bxf3 11. Qxf3 g5 0-1

[Event "AUT-ch U16-Open 2025"]
[Site "Fuerstenfeld"]
[Date "2025.04.17"]
[Round "7.7"]
[White "Brown, Julian"]
[Black "Roessler, Felix"]
[Result "1/2-1/2"]
[Annotator "NA RC"]
[ECO "B11"]
[WhiteElo "1873"]
[BlackElo "1840"]
[PlyCount "100"]
[EventDate "2025.04.12"]
[EventType "swiss"]
[EventCountry "AUT"]
[SourceTitle "playchess.com"]
[Source "ChessBase"]
[SourceQuality "1"]
[TimeControl "5400+30"]

1. e4 c6 2. Nc3 d5 3. Nf3 dxe4 4. Nxe4 Nf6 5. Qe2 Bg4 6. Nxf6+ gxf6 7. h3 Bxf3 8. Qxf3 Nd7 9. b3 e6 10. Bb2 Be7 11. Bd3 Qc7 12. O-O-O O-O-O 13. a4 Ne5 14. Bxe5 Qxe5 15. Kb1 Ba3 16. c3 a5 17. Rhe1 Qd5 18. Qxd5 Rxd5 19. Kc2 Rhd8 20. Re3 f5 21. g4 fxg4 22. hxg4 Rg5 23. Bxh7 Rxg4 24. Rf3 f5 25. Rxf5 Rxa4 26. bxa4 exf5 27. Bxf5+ Kc7 28. Rh1 b5 29. Rh7+ Kb6 30. axb5 cxb5 31. Be4 a4 32. d4 b4 33. cxb4 Rxd4 34. Rb7+ Ka6 35. b5+ Ka5 36. Bc6 Bc5 37. Rb8 Rc4+ 38. Kd3 Rd4+ 39. Kc3 Rb4 40. b6 Rxb6 41. Ra8+ Ra6 42. Rxa6+ Kxa6 43. f4 a3 44. f5 Bd4+ 45. Kb3 Bb2 46. Bb5+ Kxb5 47. f6 Kc6 48. f7 Bg7 49. Kxa3 Kd7 50. f8=N+ Bxf8+ 1/2-1/2